 Dungeon Crawl Stone Soup version 0.24.0-13-gcf9b3192b9 (webtiles) character file.

Game seed: 4607718181867091592, levelgen mode: deterministic

0 Aviak the Caller (level 1, 0/13 HPs)
             Began as a Gnoll Summoner on Nov 10, 2019.
             Slain by a jackal (1 damage)
             ... on level 1 of the Dungeon.
             The game lasted 00:00:39 (17 turns).

Aviak the Caller (Gnoll Summoner)                     Turns: 17, Time: 00:00:39

Health: 0/13       AC:  2    Str: 10    XL:     1   Next: 10%
Magic:  3/6        EV: 14    Int: 17    God:
Gold:   15         SH:  0    Dex: 15    Spells: 8/9 levels left

rFire    . . .     SeeInvis .   (no weapon)
rCold    . . .     Gourm    .   (no shield)
rNeg     . . .     Faith    .   a - +0 robe
rPois    .         Spirit   .   (no helmet)
rElec    .         Reflect  .   (no cloak)
rCorr    .         Harm     .   (no gloves)
MR       .....                  (no boots)
Stlth    +++.......             (no amulet)
HPRegen  0.04/turn              (no ring)
MPRegen  0.10/turn              (no ring)

@: no status effects
A: distributed training, fangs 1, strong nose
a: no special abilities


You were on level 1 of the Dungeon.
You were not hungry.

You visited 1 branch of the dungeon, and saw 1 of its levels.

You collected 15 gold pieces.

Inventory:

Armour
 a - a +0 robe (worn)
Comestibles
 c - a ration


   Skills:
 + Level 0.0 Fighting
 + Level 0.0 Short Blades
 + Level 0.0 Long Blades
 + Level 0.0 Axes
 + Level 0.0 Maces & Flails
 + Level 0.0 Polearms
 + Level 0.0 Staves
 + Level 0.0 Slings
 + Level 0.0 Bows
 + Level 0.0 Crossbows
 + Level 0.0 Throwing
 + Level 0.0 Armour
 + Level 4.4 Dodging
 + Level 4.0 Stealth
 + Level 0.0 Shields
 + Level 0.0 Unarmed Combat
 + Level 4.8 Spellcasting
 + Level 0.0 Conjurations
 + Level 0.0 Hexes
 + Level 0.0 Charms
 + Level 7.0 Summonings
 + Level 0.0 Necromancy
 + Level 0.0 Translocations
 + Level 0.0 Transmutations
 + Level 0.0 Fire Magic
 + Level 0.0 Ice Magic
 + Level 0.0 Air Magic
 + Level 0.0 Earth Magic
 + Level 0.0 Poison Magic
 + Level 0.0 Invocations
 + Level 0.0 Evocations


You had 8 spell levels left.
You knew the following spells:

 Your Spells              Type           Power        Failure   Level  Hunger
a - Summon Small Mammal   Summ           ####         1%          1    None

Your spell library contained the following spells:

 Spells                   Type           Power        Failure   Level  Hunger
 Call Imp                 Summ           ####....     1%          2    #......
 Call Canine Familiar     Summ           ####....     2%          3    ###....
 Summon Guardian Golem    Hex/Summ       ###.....     11%         3    ###....
 Summon Ice Beast         Ice/Summ       ###.....     34%         4    ####...
 Summon Lightning Spire   Summ/Air       ###.....     34%         4    ####...


Dungeon Overview and Level Annotations

Branches:
Dungeon (1/15)

Altars:


Innate Abilities, Weirdness & Mutations

Your experience applies equally to all skills.
You have very sharp teeth.
Your uncanny sense of smell can sniff out nearby items.


Message History

The jackal is moderately wounded.
The jackal barks! x3
Your bat barely misses the rat.
The jackal bites you. The dart slug launches a dart at you.
The slug dart hits you.
* * * LOW HITPOINT WARNING * * *
Your quokka barely misses the jackal.
Your quokka bites the jackal but does no damage.
You barely miss the jackal.
The jackal is moderately wounded.
The jackal barely misses you.
Your quokka closely misses the jackal.
The jackal bites your quokka.
Your quokka barely misses the jackal.
Your bat closely misses the rat.
The jackal closely misses you.
Unknown command.
You hit the jackal.
The jackal is heavily wounded.
Your bat completely misses the rat.
Your quokka bites the rat.
The rat dies!
Your quokka misses the jackal. The jackal bites you.
You die...

##..≈≈≈≈≈≈≈...# ..
##..≈≈...♣.≈≈w.## ...
#..≈≈..♣....≈≈..#....
#.≈≈..8.<....≈≈...#
#.≈..♣.....8..≈...#
#.≈.[........$≈.#.#
#.≈≈......(..≈≈.#.
...≈≈..8....≈≈......
#..≈≈.@.r.≈≈.......
##..≈≈≈h≈≈≈....#....
.......r†h.....##....
###......b......# ###
#.....h..........
...(...h...$...###
...##..........# #.#
##..#####..#


You could see a dart slug, 4 jackals, 2 friendly quokkas and a friendly bat.

Vanquished Creatures (collateral kills)
  A rat (D:1)
1 creature vanquished.

Notes
Turn   | Place    | Note
-------+----------+-------------------------------------------
     0 | D:1      | Aviak the Gnoll Summoner began the quest for the Orb.
     0 | D:1      | Reached XP level 1. HP: 13/13 MP: 6/6
    17 | D:1      | Slain by a jackal

Levels and vault maps discovered:
D:1:      moated_graveyard_arrival, layout_rooms, minivault_24

Action                   || total
-------------------------++-------
Melee: Unarmed           ||     3
 Cast: Summon Small Mamm ||     3
Dodge: Dodged            ||     2
